 Dungeon Crawl Stone Soup version 0.30-a0-618-gd6c86c23d0 (webtiles) character file.

Game seed: 14792565343615475923

232 acebull12 the Firebug (level 6, -2/47 HPs)
             Began as a Human Cinder Acolyte on Jan 9, 2023.
             Was a High Priest of Ignis.
             Killed from afar by Ijyb (13 damage)
             ... with a bolt of dispelling energy
             ... on level 3 of the Dungeon.
             The game lasted 00:05:31 (1699 turns).

acebull12 the Firebug (Human Cinder Acolyte)        Turns: 1699, Time: 00:05:32

Health: -2/47      AC:  7    Str: 15    XL:     6   Next: 25%
Magic:  2/10       EV: 11    Int: 16    God:    Ignis [*****.]
Gold:   106        SH:  0    Dex:  8    Spells: 9/11 levels left

rFire   + . .      SeeInvis .    f - +1 short sword (venom)
rCold   . . .      Faith    .    (no shield)
rNeg    . . .      Spirit   .    k - +0 leather armour
rPois   .          Reflect  .    (no helmet)
rElec   .          Harm     .    (no cloak)
rCorr   .          Rampage  .    (no gloves)
Will    .....                    (no boots)
Stlth   +                        j - amulet of magic regeneration
HPRegen 0.27/turn                p - +4 ring of protection
MPRegen 0.52/turn                (no ring)

@: no status effects
A: no striking features
a: Renounce Religion, Fiery Armour, Foxfire Swarm, Rising Flame


You were on level 3 of the Dungeon.
You worshipped Ignis.
Ignis was extremely pleased with you.
You visited 1 branch of the dungeon, and saw 3 of its levels.

You collected 106 gold pieces.

Inventory:

Hand Weapons
 a - a -1 falchion of flaming
 f - a +1 short sword of venom (weapon)
Missiles
 c - 18 stones (quivered)
Armour
 b - a +0 robe
 k - a +0 leather armour (worn)
Jewellery
 j - an amulet of magic regeneration (around neck)
 p - a +4 ring of protection (left hand)
Scrolls
 d - a scroll of poison {unknown}
 e - a scroll of enchant weapon {unknown}
 g - a scroll of fog {unknown}
 h - 2 scrolls of teleportation {unknown}
 l - a scroll of amnesia {unknown}
 n - a scroll of fear {unknown}
 o - a scroll of identify {unknown}
 q - a scroll of vulnerability {unknown}
 r - a scroll of magic mapping {unknown}
 s - 2 scrolls of enchant armour {unknown}
 t - 3 scrolls of noise {unknown}
 v - a scroll of butterflies {unknown}
Potions
 i - a potion of mutation {unknown}
 m - a potion of degeneration {unknown}
 u - 2 potions of brilliance {unknown}
 w - 2 potions of flight {unknown}


   Skills:
 + Level 3.2 Fighting
 + Level 0.7(2.2) Short Blades
 + Level 3.3 Long Blades
 + Level 0.5 Armour
 * Level 3.1 Spellcasting
 * Level 5.0 Fire Magic


You had 9 spell levels left.
You knew the following spells:

 Your Spells              Type           Power      Damage    Failure   Level
a - Scorch                Fire           36%        2d7       4%          2

Your spell library contained the following spells:

 Spells                   Type           Power      Damage    Failure   Level
 Magic Dart               Conj           8%         1d3       22%         1
 Searing Ray              Conj           4%         2d4       34%         2
 Call Canine Familiar     Summ           2%         N/A       56%         3
 Gell's Gravitas          Tloc           2%         N/A       56%         3
 Lesser Beckoning         Tloc           4%         N/A       56%         3
 Portal Projectile        Hex/Tloc       4%         N/A       56%         3
 Teleport Other           Tloc           2%         N/A       56%         3
 Fulminant Prism          Conj/Hex       1%         3d5       92%         4
 Leda's Liquefaction      Hex/Erth       1%         N/A       92%         4


Dungeon Overview and Level Annotations

Branches:
Dungeon (3/15)

Altars:

Annotations:
D:3 Ijyb


Message History

Ijyb is moderately wounded.
Ijyb's fire resistance burns away.
Ijyb zaps a wand.
The bolt of dispelling energy hits you!
You closely miss Ijyb.
Ijyb is moderately wounded.
Ijyb screams, "Me stronger than you!"
Ijyb zaps a wand.
The bolt of dispelling energy misses you.
You hit Ijyb but do no damage. You punch Ijyb.
Ijyb is heavily wounded.
Ijyb zaps a wand.
The bolt of dispelling energy hits you!
* * * LOW HITPOINT WARNING * * *
Casting: Scorch (safe; 4% risk of failure)
Confirm with . or Enter, or press ? or * to list all spells.
Flames lash Ijyb but do no damage.
Ijyb hits you but does no damage.
Casting: Scorch (safe; 4% risk of failure)
Confirm with . or Enter, or press ? or * to list all spells.
Flames lash Ijyb.
Ijyb is burned terribly!
Ijyb is heavily wounded.
Ijyb closely misses you.
You hit Ijyb but do no damage.
Ijyb looks even sicker.
Ijyb is heavily wounded.
You closely miss Ijyb.
Ijyb is heavily wounded.
Ijyb hits you but does no damage.
Your magical contamination has completely faded away.
You hit Ijyb but do no damage.
Ijyb is heavily wounded.
Ijyb hits you with a +2 dagger of protection.
* * * LOW HITPOINT WARNING * * *
Casting: Scorch (safe; 4% risk of failure)
Confirm with . or Enter, or press ? or * to list all spells.
Flames lash Ijyb but do no damage.
Ijyb closely misses you.
Casting: Scorch (safe; 4% risk of failure)
Confirm with . or Enter, or press ? or * to list all spells.
Flames lash Ijyb.
Ijyb is burned terribly!
Ijyb is severely wounded.
Ijyb grins evilly.
Ijyb zaps a wand.
The bolt of dispelling energy hits you!
You die...

#########
#.......#
#.#####.#
#.....#.#
#<....#.#
#######.#
#..g..#.#
###.#@#
#...g.#
#.#.###
#.#.#
#.#.#
#.#.#
#.#.#
..#.#
###.#


You could see Ijyb (very poisoned, combustible).

Vanquished Creatures
  Sigmund (D:2)
  Terence (D:2)
  An adder (D:2)
  A dart slug (D:2)
  3 bats
  4 endoplasms
  2 giant cockroaches (D:2)
  5 goblins
  6 hobgoblins
  5 jackals
  2 quokkas
  2 ball pythons (D:1)
  2 kobolds (D:1)
  6 rats
41 creatures vanquished.

Vanquished Creatures (others)
  22 foxfires (D:2)
22 creatures vanquished.

Grand Total: 63 creatures vanquished

Notes
Turn   | Place    | Note
-------+----------+-------------------------------------------
     0 | D:1      | acebull12 the Human Cinder Acolyte began the quest for the
                  | Orb.
     0 | D:1      | Reached XP level 1. HP: 18/18 MP: 2/2
     5 | D:1      | You fall into a shaft and drop 1 floor!
   298 | D:1      | Reached XP level 2. HP: 18/24 MP: 3/3
   359 | D:1      | Learned a level 2 spell: Scorch
   584 | D:1      | Reached XP level 3. HP: 29/29 MP: 1/4
  1026 | D:2      | Noticed Terence
  1110 | D:2      | Noticed Sigmund
  1113 | D:2      | Killed Sigmund
  1114 | D:2      | Reached skill level 4 in Fire Magic
  1114 | D:2      | Reached XP level 4. HP: 35/35 MP: 4/8
  1114 | D:2      | Reached XP level 5. HP: 41/41 MP: 4/9
  1194 | D:2      | Killed Terence
  1195 | D:2      | Reached XP level 6. HP: 47/47 MP: 6/10
  1412 | D:2      | Reached skill level 5 in Fire Magic
  1678 | D:3      | Noticed Ijyb
  1699 | D:3      | Killed from afar by Ijyb

Illustrated notes

Levels and vault maps discovered:
D:1:      dpeg_arrival_round_a, layout_basic, minmay_cupped
D:2:      minmay_wonky_spiral, layout_rooms, minmay_misc_feat_secret_circle,
          kennysheep_boxes, uniq_sigmund, uniq_terence
D:3:      layout_basic, serial_shops, nicolae_shop_statue_plus, uniq_ijyb,
          uniq_natasha

Skill      XL: |  1  2  3  4  5  6 |
---------------+-------------------+-----
Spellcasting   | 2 3 |  3.1
Fire Magic     | 4 5 |  5.0
Fighting       | |  3.2
Short Blades   | |  0.7
Long Blades    | |  3.3
Armour         | |  0.5

Action                   |  1- 3 |  4- 6 || total
-------------------------+-------+-------++-------
Melee: Falchion          |    15 |       ||    15
       Short sword       |    25 |     8 ||    33
       Punch             |       |     1 ||     1
 Cast: Scorch            |    22 |    24 ||    46
Invok: Foxfire Swarm     |     1 |       ||     1
Armor: Robe              |     6 |       ||     6
       Leather armour    |     3 |     4 ||     7
Dodge: Dodged            |    25 |     6 ||    31

Table legend: (Time is in decaauts)
 A = Elapsed time spent in this place.
 B = Non-inter-level travel time spent in this place.
 C = Inter-level travel time spent in this place.
 D = Time resting spent in this place.
 E = Time spent auto-exploring this place.
 F = Levels seen in this place.
 G = Mean time per level.
                   A        B        C        D        E       F      G
               +--------+--------+--------+--------+--------+-----+--------+
         Total |   1699 |   1468 |    231 |    172 |    979 |   3 |  566.3 |
       Dungeon |   1699 |   1468 |    231 |    172 |    979 |   3 |  566.3 |
               +--------+--------+--------+--------+--------+-----+--------+

Top non-repeatable levels by time:
     D:1: 1048 daAuts
     D:2: 607 daAuts
     D:3: 42 daAuts
